 Dungeon Crawl Stone Soup version 0.26.1-11-gd32895ea62 (webtiles) character file.

Game seed: 8280740007929062327

291 porpoise the Shield-Bearer (level 6, 0/43 HPs)
             Began as a Halfling Wanderer on July 19, 2021.
             Was an Initiate of Okawaru.
             Succumbed to a worker ant's poison
             ... on level 4 of the Dungeon.
             The game lasted 00:12:28 (5174 turns).

porpoise the Shield-Bearer (Halfling Wanderer)      Turns: 5174, Time: 00:12:29

Health: 0/43       AC:  6    Str: 16    XL:     6   Next: 58%
Magic:  6/6        EV: 27    Int: 11    God:    Okawaru [......]
Gold:   189        SH:  6    Dex: 12    Spells: 5/5 levels left

rFire    + . .     SeeInvis .   a - +2 dagger
rCold    . . .     Faith    .   d - +1 buckler
rNeg     . . .     Spirit   .   x - +1 ring mail {rF+}
rPois    .         Reflect  .   (no helmet)
rElec    .         Harm     .   (no cloak)
rCorr    .         Rampage  .   (no gloves)
Will     +....                  (no boots)
Stlth    +.........             m - amulet of the acrobat
HPRegen  0.14/turn              t - ring of willpower
MPRegen  0.10/turn              (no ring)

@: lethally poisoned (0 -> -2), acrobat
A: small, mutation resistance 1
a: Renounce Religion


You were on level 4 of the Dungeon.
You worshipped Okawaru.
Okawaru was noncommittal.
You visited 1 branch of the dungeon, and saw 4 of its levels.

You collected 189 gold pieces.

Inventory:

Hand Weapons
 a - a +2 dagger (weapon)
 u - a +0 dagger of draining
 w - a +0 falchion
Missiles
 e - 34 sling bullets
 f - 112 stones
 o - 15 boomerangs (quivered)
 s - 2 poisoned darts
Armour
 d - a +1 buckler (worn)
 x - a +1 ring mail of fire resistance (worn)
Magical Staves
 k - a cursed staff of cold {unknown}
 v - an uncursed staff of conjuration {unknown}
Jewellery
 m - an amulet of the acrobat (around neck)
 n - an uncursed amulet of guardian spirit
 t - a ring of willpower (left hand)
Scrolls
 b - 2 scrolls of fear
 g - 3 scrolls of identify
 i - a scroll of teleportation {unknown}
 j - a scroll of magic mapping {unknown}
 p - 2 scrolls of remove curse
 q - a scroll of amnesia {unknown}
Potions
 h - 2 potions of haste
 l - a potion of attraction


   Skills:
 + Level 3.9 Fighting
 + Level 2.5 Short Blades
 - Level 1.0 Polearms
 + Level 0.6(1.2) Slings
 - Level 1.1 Crossbows
 - Level 1.0 Throwing
 - Level 2.1 Armour
 - Level 1.1 Dodging
 - Level 2.1 Stealth
 - Level 4.0 Shields


You had 5 spell levels left.
You didn't know any spells.
Your spell library was empty.

Dungeon Overview and Level Annotations

Branches:
Dungeon (4/15)
 Temple: D:4-7

Altars:
Okawaru
Ru
Uskayaw
Wu Jian


Innate Abilities, Weirdness & Mutations

You are small and have problems with some larger weapons.
You are somewhat resistant to further mutation.


Message History

You feel sick.
* * * LOW HITPOINT WARNING * * *
You feel sick.
Okay, then.
Okay, then.
* * * LOW HITPOINT WARNING * * *
You feel sick.
* * * LOW HITPOINT WARNING * * *
You feel sick.
* * * LOW HITPOINT WARNING * * *
You feel sick.
* * * LOW HITPOINT WARNING * * *
You feel sick.
* * * LOW HITPOINT WARNING * * *
You feel sick.
* * * LOW HITPOINT WARNING * * *
You feel sick.
* * * LOW HITPOINT WARNING * * *
You feel sick.
You die...

##..# #...# ####### #.
#.#.# #.....# #.##.#.# ##
#.....###......###.
#..................
#.....#.##.....###.
#.....#.##.###.# ##
#.@.....##.# #.# #
#.#####.##.###.#
..##.##.#####.##.....#
.......†....#......<##
####.##..###..##.########
# #.## ##.##.# #.... #.##
##.#.# #.#.. #. ...#
#.#.# #. .######.#..


There were no monsters in sight!

Vanquished Creatures
  An orc priest (D:4)
  2 orc wizards
  3 worker ants
  4 adders
  An ooze (D:2)
  An adder skeleton (D:4)
  3 dart slugs
  5 leopard geckos
  11 orcs
  4 bats
  2 giant cockroaches
  5 goblins
  7 hobgoblins
  3 jackals (D:1)
  6 kobolds
  A quokka (D:2)
  4 ball pythons
  10 frilled lizards
  A rat (D:1)
74 creatures vanquished.

Notes
Turn   | Place    | Note
-------+----------+-------------------------------------------
     0 | D:1      | porpoise the Halfling Wanderer began the quest for the Orb.
     0 | D:1      | porpoise set off with the following items: a +2 dagger, a
                  | scroll of fear, a +0 ring mail, a +0 buckler
     0 | D:1      | Reached XP level 1. HP: 13/13 MP: 1/1
   142 | D:1      | Reached XP level 2. HP: 18/18 MP: 2/2
   313 | D:1      | Reached skill level 2 in Shields
   614 | D:1      | Reached XP level 3. HP: 24/24 MP: 3/3
  1203 | D:2      | HP: 1/24 [poisoned by an adder]
  1700 | D:2      | Found a hide-covered altar of Uskayaw.
  1708 | D:2      | Reached XP level 4. HP: 29/29 MP: 4/4
  1735 | D:2      | Found an ornate altar of the Wu Jian Council.
  1844 | D:2      | Found a sacrificial altar of Ru.
  2298 | D:2      | Reached skill level 3 in Shields
  3371 | D:3      | Reached XP level 5. HP: 32/36 MP: 5/5
  3901 | D:3      | Reached skill level 4 in Shields
  4391 | D:4      | Found an iron altar of Okawaru.
  4417 | D:4      | Reached skill level 1 in Short Blades
  4417 | D:4      | Reached XP level 6. HP: 28/42 MP: 6/6
  4699 | D:4      | Became a worshipper of Warmaster Okawaru
  5166 | D:4      | HP: 2/43 [poisoned by a worker ant]
  5171 | D:4      | HP: 1/43 [poisoned by a worker ant]
  5174 | D:4      | Succumbed to a worker ant's poison

Illustrated notes

Levels and vault maps discovered:
D:1:      ebering_hopf_link, layout_basic, chequers_serial_rivers_room_b
D:2:      layout_basic, nicolae_overflow_crystal_walls,
          eat_drink_and_be_merry_uskayaw, serial_co_window_serial,
          co_window_paths_a, co_window_paths_a, co_window_paths_a,
          co_window_corner_a, co_window_paths_b, co_window_paths_b,
          co_window_of_opportunity_a, co_window_2corner, co_window_broadway_b,
          co_window_broadway_c, co_window_unsneaky_path_e, co_window_broadway_a,
          co_window_unsneaky_path_a, glass_columns_a, glass_columns_c,
          glass_columns_a, glass_columns_b, glass_columns_c,
          nicolae_ru_the_path_less_chosen
D:3:      layout_basic
D:4:      layout_loops_cross, okawaru_trees_2, nzn_hepliaklqana_mist_gate,
          minmay_strange_pillars, uniq_natasha

Skill      XL: |  1  2  3  4  5  6 |
---------------+-------------------+-----
Shields        | 2 3 4 |  4.0
Fighting       | 2 3 |  3.9
Short Blades   | 1 2 |  2.5
Polearms       | |  1.0
Slings         | |  0.6
Crossbows      | |  1.1
Throwing       | |  1.0
Armour         | |  2.1
Dodging        | |  1.1
Stealth        | |  2.1

Action                   |  1- 3 |  4- 6 || total
-------------------------+-------+-------++-------
Melee: Dagger            |   104 |   269 ||   373
Throw: Boomerang         |       |     8 ||     8
  Use: Scroll            |       |     4 ||     4
       Potion            |       |     1 ||     1
 Stab: Sleeping          |     1 |       ||     1
Armor: Ring mail         |    22 |    50 ||    72
Dodge: Dodged            |    45 |   138 ||   183
Block: Buckler           |    19 |    62 ||    81
